 Dungeon Crawl Stone Soup version 0.28.0-43-g3370ac3207 (webtiles) character file.

Game seed: 12938160436911419480

9760 croobank the Thaumaturge (level 11, -3/82 HPs)
             Began as a Gnoll Fire Elementalist on Mar 10, 2022.
             Was a Believer of Vehumet.
             Slain by a komodo dragon (15 damage)
             ... on level 2 of the Lair of Beasts.
             The game lasted 00:48:36 (13244 turns).

croobank the Thaumaturge (Gnoll Fire Elementalist) Turns: 13244, Time: 00:48:37

Health: -3/82      AC:  9    Str:  7    XL:     11   Next: 51%
Magic:  34/34      EV: 17    Int: 24    God:    Vehumet [**....]
Gold:   431        SH:  0    Dex: 18    Spells: 9/26 levels left

rFire   . . .      SeeInvis .   L - +0 dire flail
rCold   + . .      Faith    .   (shield currently unavailable)
rNeg    + . .      Spirit   .   a - +2 robe {rC+}
rPois   +          Reflect  .   c - +2 hat
rElec   .          Harm     .   k - +0 cloak
rCorr   .          Rampage  .   b - +0 pair of gloves
Will    .....                   (no boots)
Stlth   +++.......              (no amulet)
HPRegen 0.23/turn               m - ring "Toingynk" {Wiz Contam rN+ Int+4 Slay+3}
MPRegen 0.24/turn               N - ring of Maagenu {MP+9 Dex+6 Slay+4 Stlth-}

@: no status effects
A: fangs 1, strong nose, distributed training, high MP 1, poison resistance
a: Renounce Religion


You were on level 2 of the Lair of Beasts.
You worshipped Vehumet.
Vehumet was pleased with you.
You visited 3 branches of the dungeon, and saw 13 of its levels.
You also visited: Ossuary.

You collected 1237 gold pieces.
You spent 806 gold pieces at shops.

Inventory:

Hand Weapons
 e - a +3 flail
 j - a +5 halberd of freezing
 G - a +1 antimagic rapier
 J - a +0 war axe
 L - a +0 dire flail (weapon)
 O - a +5 short sword
 W - a +3 great sword of venom
 Y - a +1 battleaxe
 Z - a +1 falchion of protection
Missiles
 d - 133 bolts
 f - 141 arrows
 g - 94 sling bullets
 i - 300 stones
 n - 9 poisoned darts
 K - 3 boomerangs
Armour
 a - a +2 robe of cold resistance (worn)
 b - a +0 pair of gloves (worn)
 c - a +2 hat (worn)
 k - a +0 cloak (worn)
 u - a +0 leather armour
 S - a +0 ring mail
Jewellery
 m - the ring "Toingynk" (left hand) {Wiz Contam rN+ Int+4 Slay+3}
   (You bought it in a shop on level 2 of the Dungeon)

   [ring of wizardry]

   It improves your spell success rate.
   Int:       It affects your intelligence (+4).
   Slay:      It affects your accuracy & damage with ranged weapons and melee
   (+3).
   rN:        It protects you from negative energy.
   Contam:    It causes magical contamination when unequipped.
 r - a +4 ring of evasion
 y - a +6 ring of intelligence
 A - a +6 ring of dexterity
 C - a ring of poison resistance
 H - an amulet of guardian spirit
 N - the ring of Maagenu (right hand) {MP+9 Dex+6 Slay+4 Stlth-}
   (You acquired it on level 6 of the Dungeon)

   [ring of slaying]

   Dex:       It affects your dexterity (+6).
   Slay:      It affects your accuracy & damage with ranged weapons and melee
   (+4).
   MP:        It affects your magic capacity (+9).
   Stlth:     It makes you less stealthy.
Wands
 o - a wand of digging (1)
 Q - a wand of iceblast (12)
 T - a wand of flame (8)
Scrolls
 l - 3 scrolls of amnesia
 w - 3 scrolls of fog
 x - a scroll of teleportation
 F - 2 scrolls of enchant weapon {unknown}
 I - a scroll of vulnerability {unknown}
 P - 3 scrolls of identify
 R - 2 scrolls of magic mapping {unknown}
 U - 5 scrolls of noise {unknown}
 V - a scroll of immolation {unknown}
Potions
 h - 2 potions of lignification
 p - 2 potions of heal wounds {unknown}
 q - a potion of resistance {unknown}
 s - 3 potions of might
 t - 2 potions of berserk rage {unknown}
 v - 7 potions of curing
 z - 3 potions of mutation
 B - 2 potions of degeneration {unknown}
 D - 2 potions of haste
 E - a potion of magic {unknown}
 M - a potion of ambrosia {unknown}


   Skills:
 + Level 6.3 Fighting
 + Level 6.3 Short Blades
 + Level 6.3 Long Blades
 + Level 6.3 Axes
 + Level 6.3 Maces & Flails
 + Level 6.3 Polearms
 + Level 6.3 Staves
 + Level 6.3 Slings
 + Level 6.3 Bows
 + Level 6.3 Crossbows
 + Level 6.3 Throwing
 + Level 6.3 Armour
 + Level 7.9 Dodging
 + Level 7.7 Stealth
 + Level 6.3 Shields
 + Level 6.3 Unarmed Combat
 + Level 8.2 Spellcasting
 + Level 5.7 Conjurations
 + Level 5.2 Hexes
 + Level 5.2 Summonings
 + Level 5.2 Necromancy
 + Level 5.2 Translocations
 + Level 5.2 Transmutations
 + Level 7.7 Fire Magic
 + Level 5.2 Ice Magic
 + Level 5.2 Air Magic
 + Level 5.2 Earth Magic
 + Level 5.2 Poison Magic
 + Level 7.0 Invocations
 + Level 6.3 Evocations


You had 9 spell levels left.
You knew the following spells:

 Your Spells              Type           Power      Damage    Failure   Level
a - Foxfire               Conj/Fire      100%       2x1d9     1%          1
b - Scorch                Fire           92%        2d10      1%          2
c - Flame Wave            Conj/Fire      42%        2d9       1%          4
d - Teleport Other        Tloc           35%        N/A       1%          3
e - Dispersal             Tloc           17%        N/A       38%         6
f - Sandblast             Erth           70%        2d15      1%          1

Your spell library contained the following spells:

 Spells                   Type           Power      Damage    Failure   Level
 Stone Arrow              Conj/Erth      72%        3d11      1%          3
 Conjure Flame            Conj/Fire      42%        6-21      1%          3
 Gell's Gravitas          Tloc           35%        N/A       1%          3
 Inner Flame              Hex/Fire       41%        N/A       1%          3


Dungeon Overview and Level Annotations

Branches:
Dungeon (9/15)             Temple (1/1) D:5            Lair (3/6) D:8
Ossuary (visited)
  Swamp: Lair:2-4    Shoals: Lair:2-4     Snake: Lair:2-4    Spider: Lair:2-4
    Orc: D:9-12

Altars:
Elyvilon
Fedhas
Gozag
Hepliaklqana
Nemelex Xobeh
Ru
Sif Muna
Vehumet
Wu Jian
The Shining One

Shops:
D:2 =[   D:6 *

Annotations:
D:6 exclusion: oklob plant
Lair:2 3 runed translucent doors


Innate Abilities, Weirdness & Mutations

You have very sharp teeth.
Your uncanny sense of smell can sniff out nearby items.
Your experience applies equally to all skills.
You have an increased reservoir of magic. (+10% MP)
Your system is resistant to poisons. (rPois)


Message History

You hit the yak. You bite the yak, but do no damage.
The yak is lightly wounded.
The yak closely misses you.
You puncture the yak!
The yak is heavily wounded.
The yak gores you but does no damage.
You hit the yak.
The yak is severely wounded.
The yak closely misses you.
You barely miss the yak. You bite the yak.
The yak is almost dead.
The yak gores you!
You sock the yak!
You kill the yak!
Vehumet accepts your kill.
You hit the komodo dragon.
The komodo dragon is lightly wounded.
The komodo dragon bites you!
You hit the komodo dragon. You bite the komodo dragon.
The komodo dragon is moderately wounded.
The komodo dragon completely misses you.
You barely miss the komodo dragon.
The komodo dragon is moderately wounded.
The komodo dragon barely misses you.
You hit the komodo dragon.
The komodo dragon is moderately wounded.
The komodo dragon barely misses you.
You hit the komodo dragon but do no damage.
You bite the komodo dragon, but do no damage.
The komodo dragon is moderately wounded.
The komodo dragon bites you!!
You puncture the komodo dragon!
You bite the komodo dragon, but do no damage.
The komodo dragon is heavily wounded.
The komodo dragon bites you!!
* * * LOW HITPOINT WARNING * * *
You sock the komodo dragon!
The komodo dragon is severely wounded.
The komodo dragon bites you!
You die...

..........P#
...........### #.
#....#.#.....### ..#
.....#.##......###...
......###........#...
.......##......YSY###
...............YYY...
...............#l###
...≈≈≈.≈..≈.P≈.#@#
...PP≈≈≈P.≈≈≈≈.#.#
..≈P≈≈≈P≈≈≈P≈≈...#
.#≈≈≈≈≈≈≈P≈P≈≈.#.#
##≈≈≈≈≈≈≈≈≈PP≈.#..#
##≈P≈≈≈≈P≈≈≈P.....#
♣≈≈≈≈≈≈≈≈≈P≈♣...##
♣≈P≈≈≈≈≈≈≈≈≈♣...#
♣≈≈≈≈≈≈≈≈≈P♣♣.#..


You could see a komodo dragon, a black mamba and 5 yaks.

Vanquished Creatures
  Fannar (Lair:1)
  A cane toad (Lair:2)
  2 komodo dragons (Lair:2)
  A polar bear (Lair:2)
  5 blink frogs (Lair:1)
  A wraith (Ossuary)
  A wyvern (D:7)
  12 yaks
  2 steam dragons (D:8)
  2 basilisks
  3 water moccasins
  2 black bears
  2 orc warriors
  An ice beast (D:7)
  2 sky beasts (D:6)
  3 ogres
  3 centaurs
  A kobold brigand (D:8)
  An elf zombie (Ossuary)
  5 bullfrogs
  A gnoll sergeant (D:8)
  4 scorpions
  A water moccasin skeleton (D:5)
  12 wights (D:8)
  A howler monkey (D:7)
  A centaur zombie (D:5)
  2 hounds (D:6)
  A centaur skeleton (D:7)
  2 jellies
  A gnoll shaman (D:7)
  4 orc priests
  2 bullfrog skeletons (D:6)
  3 iguanas
  3 orc wizards
  3 mummies (Ossuary)
  8 adders
  8 gnolls
  A shadow imp (D:5)
  2 white imps
  An ufetubus (D:5)
  An adder skeleton (D:5)
  2 dart slugs
  11 orcs
  5 ball pythons
  6 endoplasms
  2 giant cockroaches (D:2)
  8 hobgoblins
  3 jackals (D:2)
  11 kobolds
  2 quokkas (D:2)
  8 bats
  2 frilled lizards (D:3)
  13 goblins
  5 goblin zombies (Ossuary)
  3 hobgoblin zombies (Ossuary)
  2 kobold zombies (Ossuary)
  6 rats
202 creatures vanquished.

Vanquished Creatures (collateral kills)
  Gastronok (D:8)
  A foxfire (Lair:1)
2 creatures vanquished.

Vanquished Creatures (others)
  270 foxfires
  5 fungi
  5 plants
  10 toadstools (D:6)
290 creatures vanquished.

Grand Total: 494 creatures vanquished

Notes
Turn   | Place    | Note
-------+----------+-------------------------------------------
     0 | D:1      | croobank the Gnoll Fire Elementalist began the quest for
                  | the Orb.
     0 | D:1      | Reached XP level 1. HP: 13/13 MP: 6/6
   152 | D:1      | Reached XP level 2. HP: 19/19 MP: 3/7
   155 | D:1      | Learned a level 2 spell: Scorch
   579 | D:1      | Reached XP level 3. HP: 25/25 MP: 7/9
   649 | D:1      | Reached skill level 5 in Spellcasting
   868 | D:2      | Reached skill level 1 in Invocations
  1013 | D:2      | Found Utidas's Armour Shoppe.
  1033 | D:2      | Reached skill level 1 in Fighting
  1033 | D:2      | Reached skill level 1 in Short Blades
  1033 | D:2      | Reached skill level 1 in Long Blades
  1033 | D:2      | Reached skill level 1 in Axes
  1033 | D:2      | Reached skill level 1 in Maces & Flails
  1033 | D:2      | Reached skill level 1 in Polearms
  1033 | D:2      | Reached skill level 1 in Staves
  1033 | D:2      | Reached skill level 1 in Slings
  1033 | D:2      | Reached skill level 1 in Bows
  1033 | D:2      | Reached skill level 1 in Crossbows
  1033 | D:2      | Reached skill level 1 in Throwing
  1033 | D:2      | Reached skill level 1 in Armour
  1033 | D:2      | Reached skill level 1 in Shields
  1033 | D:2      | Reached skill level 1 in Unarmed Combat
  1033 | D:2      | Reached skill level 1 in Evocations
  1080 | D:2      | Bought a +0 cloak for 49 gold pieces
  1234 | D:2      | Reached XP level 4. HP: 32/32 MP: 7/11
  1239 | D:2      | Learned a level 4 spell: Flame Wave
  1394 | D:2      | Found a faded altar of an unknown god.
  1532 | D:2      | Found Avicos's One-of-a-Kind Rings.
  1750 | D:3      | Reached skill level 1 in Hexes
  1750 | D:3      | Reached skill level 1 in Summonings
  1750 | D:3      | Reached skill level 1 in Necromancy
  1750 | D:3      | Reached skill level 1 in Translocations
  1750 | D:3      | Reached skill level 1 in Transmutations
  1750 | D:3      | Reached skill level 1 in Ice Magic
  1750 | D:3      | Reached skill level 1 in Air Magic
  1750 | D:3      | Reached skill level 1 in Earth Magic
  1750 | D:3      | Reached skill level 1 in Poison Magic
  2006 | D:3      | Reached XP level 5. HP: 37/37 MP: 8/12
  2494 | D:3      | Found an ornate altar of the Wu Jian Council.
  2873 | D:4      | Noticed a black bear
  2881 | D:4      | Killed a black bear
  2882 | D:4      | Reached XP level 6. HP: 44/44 MP: 8/14
  3210 | D:4      | Reached skill level 5 in Dodging
  3266 | D:2      | Bought a +0 leather armour for 22 gold pieces
  3819 | D:5      | Entered Level 5 of the Dungeon
  3821 | D:5      | Identified a scroll of acquirement
  3823 | D:5      | Acquired 685 gold pieces
  3910 | D:2      | Bought the ring "Toingynk" {Wiz Contam rN+ Int+4 Slay+3}
                  | for 735 gold pieces
  3994 | D:5      | Found a sand-covered staircase.
  4003 | Ossuary  | Entered an ossuary
  4003 | Ossuary  | Noticed a wraith
  4003 | Ossuary  | Noticed a wraith
  4003 | Ossuary  | Noticed a wraith
  4047 | Ossuary  | Reached XP level 7. HP: 40/50 MP: 5/15
  4259 | Ossuary  | Noticed a wraith
  4266 | Ossuary  | Killed a wraith
  4593 | D:5      | Reached skill level 5 in Stealth
  4836 | D:5      | Reached XP level 8. HP: 22/57 MP: 3/16
  5268 | D:5      | Found a staircase to the Ecumenical Temple.
  5283 | Temple   | Entered the Ecumenical Temple
  5315 | Temple   | Became a worshipper of Vehumet
  5474 | D:5      | Reached skill level 6 in Spellcasting
  5759 | D:5      | Found a white marble altar of Elyvilon.
  6240 | D:6      | Found Zuol's Assorted Antiques.
  6367 | D:6      | Learned a level 3 spell: Teleport Other
  6374 | D:6      | Learned a level 6 spell: Dispersal
  6419 | D:6      | Reached XP level 9. HP: 65/65 MP: 13/18
  6839 | D:6      | Acquired the ring of Maagenu {MP+9 Dex+6 Slay+4 Stlth-}
  7186 | D:6      | Found a blossoming altar of Fedhas.
  7208 | D:6      | Noticed an oklob plant
  7887 | D:7      | Reached * piety under Vehumet
  7887 | D:7      | Offered knowledge of Sandblast by Vehumet.
  7951 | D:7      | Learned a level 1 spell: Sandblast
  8646 | D:7      | Found a sparkling altar of Nemelex Xobeh.
  8647 | D:7      | Found an opulent altar of Gozag.
  9169 | D:8      | Reached skill level 5 in Invocations
  9510 | D:8      | Reached skill level 7 in Spellcasting
  9513 | D:8      | Reached XP level 10. HP: 44/73 MP: 20/20
  9720 | D:8      | Reached skill level 5 in Fighting
  9720 | D:8      | Reached skill level 5 in Short Blades
  9720 | D:8      | Reached skill level 5 in Long Blades
  9720 | D:8      | Reached skill level 5 in Axes
  9720 | D:8      | Reached skill level 5 in Maces & Flails
  9720 | D:8      | Reached skill level 5 in Polearms
  9720 | D:8      | Reached skill level 5 in Staves
  9720 | D:8      | Reached skill level 5 in Slings
  9720 | D:8      | Reached skill level 5 in Bows
  9720 | D:8      | Reached skill level 5 in Crossbows
  9720 | D:8      | Reached skill level 5 in Throwing
  9720 | D:8      | Reached skill level 5 in Armour
  9720 | D:8      | Reached skill level 5 in Shields
  9720 | D:8      | Reached skill level 5 in Unarmed Combat
  9720 | D:8      | Reached skill level 5 in Evocations
 10117 | D:8      | Offered knowledge of Magic Dart by Vehumet.
 10139 | D:8      | Noticed Gastronok
 10147 | D:8      | Reached ** piety under Vehumet
 10163 | D:8      | Killed Gastronok
 10164 | D:8      | Reached skill level 5 in Conjurations
 10791 | D:8      | Found a staircase to the Lair.
 10874 | Lair:1   | Entered Level 1 of the Lair of Beasts
 11086 | Lair:1   | Noticed Fannar
 11098 | Lair:1   | Killed Fannar
 11099 | Lair:1   | Reached XP level 11. HP: 34/81 MP: 15/22
 11241 | Lair:1   | Offered knowledge of Stone Arrow by Vehumet.
 11245 | Lair:1   | Reached skill level 5 in Hexes
 11245 | Lair:1   | Reached skill level 5 in Summonings
 11245 | Lair:1   | Reached skill level 5 in Necromancy
 11245 | Lair:1   | Reached skill level 5 in Translocations
 11245 | Lair:1   | Reached skill level 5 in Transmutations
 11245 | Lair:1   | Reached skill level 5 in Ice Magic
 11245 | Lair:1   | Reached skill level 5 in Air Magic
 11245 | Lair:1   | Reached skill level 5 in Earth Magic
 11245 | Lair:1   | Reached skill level 5 in Poison Magic
 11766 | Lair:1   | Gained mutation: You have a pair of small horns on your
                  | head. [potion of mutation]
 11766 | Lair:1   | Gained mutation: Your body sometimes deteriorates upon
                  | taking damage. [potion of mutation]
 11767 | Lair:1   | Lost mutation: You have a pair of small horns on your head.
                  | [potion of mutation]
 11767 | Lair:1   | Lost mutation: Your body sometimes deteriorates upon taking
                  | damage. [potion of mutation]
 11767 | Lair:1   | Gained mutation: Your system is resistant to poisons.
                  | (rPois) [potion of mutation]
 11767 | Lair:1   | Gained mutation: You have an increased reservoir of magic.
                  | (+10% MP) [potion of mutation]
 12023 | Lair:2   | Found a runed translucent gate.
 12024 | Lair:2   | Found a runed translucent gate.
 12025 | Lair:2   | Found a runed translucent gate.
 12047 | Lair:2   | Reached skill level 8 in Spellcasting
 13244 | Lair:2   | Slain by a komodo dragon

Illustrated notes

Levels and vault maps discovered:
D:1:      minmay_arrival_split_and_join, layout_rooms, minmay_misc_feat_ornament
D:2:      layout_rooms, ebering_ecumenical_altar_hall, serial_shops,
          nicolae_shop_hallway_stairs, moated_statue, minmay_misc_feat_plants,
          serial_bayou_ford_a, minmay_misc_feat_five, nicolae_shop_unique_rings,
          minmay_box_of_dots
D:3:      layout_rooms, overflow_temple_1_default, serial_corexii_hall,
          corexii_hall_statues_l, chequers_hall_statues_wall_a,
          corexii_hall_statues_x, corexii_hall_statues_t,
          corexii_hall_statues_deadend, corexii_hall_statues_x
D:4:      layout_gridville, serial_rivers, chequers_serial_rivers_large_a,
          chequers_serial_rivers_large_b, chequers_serial_rivers_micro_d,
          chequers_serial_rivers_micro_e, chequers_serial_rivers_micro_a,
          chequers_serial_rivers_small_b
D:5:      layout_basic, mainiacjoe_overflow_small_starburst, temple_fountains,
          nicolae_ossuary_entry_ruins, kennysheep_generic_room_12
D:6:      layout_loops_cross, tgw_fedhas, serial_shops, shop
D:7:      minmay_inner_zag, layout_layer_cave, grunt_temple_overflow_opulence
D:8:      layout_basic, lair_entry_dummy, enter_bailey_3, uniq_gastronok
D:9:      layout_rooms, marbit_many_paths, gammafunk_ghost_necromancy
Temple:   regret_index_temple_sphere_string
Lair:1:   layout_roguey, nicolae_volcano_entry_lava_flow, uniq_fannar
Lair:2:   layout_cave_shapes, gammafunk_ghost_cemetery, serial_bayou_shore_a,
          infiniplex_staircase_pool, grunt_megastairs_2
Lair:3:   layout_long_grid, minmay_swamp_entry_swarm, uniq_nergalle

Skill      XL: |  1  2  3  4  5  6  7  8  9 10 11 |
---------------+----------------------------------+-----
Conjurations   | 2 3 4 5 |  5.7
Spellcasting   | 5 6 7 8 |  8.2
Invocations    | 1 2 3 4 5 6 7 |  7.0
Fighting       | 1 2 3 4 5 6 |  6.3
Short Blades   | 1 2 3 4 5 6 |  6.3
Long Blades    | 1 2 3 4 5 6 |  6.3
Axes           | 1 2 3 4 5 6 |  6.3
Maces & Flails | 1 2 3 4 5 6 |  6.3
Polearms       | 1 2 3 4 5 6 |  6.3
Staves         | 1 2 3 4 5 6 |  6.3
Slings         | 1 2 3 4 5 6 |  6.3
Bows           | 1 2 3 4 5 6 |  6.3
Crossbows      | 1 2 3 4 5 6 |  6.3
Throwing       | 1 2 3 4 5 6 |  6.3
Armour         | 1 2 3 4 5 6 |  6.3
Shields        | 1 2 3 4 5 6 |  6.3
Unarmed Combat | 1 2 3 4 5 6 |  6.3
Evocations     | 1 2 3 4 5 6 |  6.3
Hexes          | 1 2 3 4 5 |  5.2
Summonings     | 1 2 3 4 5 |  5.2
Necromancy     | 1 2 3 4 5 |  5.2
Translocations | 1 2 3 4 5 |  5.2
Transmutations | 1 2 3 4 5 |  5.2
Ice Magic      | 1 2 3 4 5 |  5.2
Air Magic      | 1 2 3 4 5 |  5.2
Earth Magic    | 1 2 3 4 5 |  5.2
Poison Magic   | 1 2 3 4 5 |  5.2
Dodging        | 5 6 7 |  7.9
Stealth        | 5 6 7 |  7.7
Fire Magic     | 6 7 |  7.7

Action                   |  1- 3 |  4- 6 |  7- 9 | 10-12 || total
-------------------------+-------+-------+-------+-------++-------
Melee: Whip              |     7 |     2 |       |       ||     9
       Bite              |     1 |     2 |     2 |    13 ||    18
       Flail             |       |    14 |    22 |       ||    36
       Punch             |       |       |     1 |       ||     1
       Dire flail        |       |       |    29 |    59 ||    88
 Cast: Foxfire           |    44 |    44 |    32 |    45 ||   165
       Scorch            |     9 |    27 |   121 |   112 ||   269
       Flame Wave        |       |       |       |     5 ||     5
       Teleport Other    |       |       |       |     3 ||     3
Evoke: Wand              |       |       |       |     2 ||     2
  Use: Scroll            |       |     9 |     3 |    11 ||    23
       Potion            |       |       |     2 |     4 ||     6
 Stab: Sleeping          |       |       |     1 |     1 ||     2
Armor: Robe              |     4 |     5 |    14 |    20 ||    43
Dodge: Dodged            |    21 |    18 |    74 |    84 ||   197
